PL
NORTHERN VIRGINIA RAINBOW MERMAIDS @ LAS VEGAS FLAMINGOS
10/02/2031
 
TOP OF THE 1ST
Northern Virginia Rainbow Mermaids batting - Pitching for Las Vegas Flamingos : RHP Art Adams
Pitching: RHP Art Adams
Batting: LHB Ty Tomblin 0-0: SINGLE (Flyball, 8LS)
Batting: LHB Scott Kerin 0-0: Foul Ball, location: 2F
0-1: Ball
1-1: Foul Ball, location: 2F
1-2: Ball
2-2: Ball
Ty Tomblin is caught stealing 2nd base
3-2: Foul Ball, location: 2F
3-2: Foul Ball, location: 2F
3-2: Fly out, F9 (Flyball, 9S)
Batting: LHB Kyoji Hakoda 0-0: Called Strike
0-1: Foul Ball, location: 2F
0-2: Ball
1-2: Foul Ball, location: 2F
1-2: Fly out, F7 (Flyball, 7)
Top of the 1st over - 0 runs, 1 hit, 0 errors, 0 left on base; Northern Virginia 0 - Las Vegas 0
BOTTOM OF THE 1ST
Las Vegas Flamingos batting - Pitching for Northern Virginia Rainbow Mermaids : RHP António Alomar
Pitching: RHP António Alomar
Batting: RHB Xavier Hernández 0-0: Ball
1-0: Ball
2-0: DOUBLE (Line Drive, 8LD)
Batting: RHB Sake van Arem 0-0: Fly out, F9 (Flyball, 89S)
Batting: LHB Victor Adams 0-0: Ball
1-0: Fly out, F9 (Flyball, 9S)
Batting: RHB Sergio Ortíz 0-0: Ball
1-0: Ball
2-0: Fly out, F9 (Flyball, 9LSF)
Bottom of the 1st over - 0 runs, 1 hit, 0 errors, 1 left on base; Northern Virginia 0 - Las Vegas 0
TOP OF THE 2ND
Northern Virginia Rainbow Mermaids batting - Pitching for Las Vegas Flamingos : RHP Art Adams
Batting: SHB Melito Báez 0-0: Ground out 4-3 (Groundball, 4)
Batting: LHB Count Dante 0-0: Ball
1-0: Called Strike
1-1: Ball
2-1: Fly out, F6 (Line Drive, 56)
Batting: RHB Mike Strickland 0-0: SOLO HOME RUN (Flyball, 7D), Distance : 380 ft
Batting: SHB Galtero Suárez 0-0: Fly out, F9 (Line Drive, 9)
Top of the 2nd over - 1 run, 1 hit, 0 errors, 0 left on base; Northern Virginia 1 - Las Vegas 0
BOTTOM OF THE 2ND
Las Vegas Flamingos batting - Pitching for Northern Virginia Rainbow Mermaids : RHP António Alomar
Batting: LHB Ruud van Ineveld 0-0: Foul Ball, location: 2F
0-1: Foul Ball, location: 2F
0-2: Ball
1-2: Foul Ball, location: 2F
1-2: Foul Ball, location: 2F
1-2: Ball
2-2: Ball
3-2: Base on Balls
Batting: RHB Sotaro Sakata 0-0: Ball
1-0: Foul Ball, location: 2F
1-1: Ball
2-1: Foul Ball, location: 2F
2-2: Hit by Pitch
Ruud van Ineveld to second
Batting: RHB Daniel Maldonado 0-0: Ball
1-0: Foul Ball, location: 2F
1-1: Swinging Strike
1-2: Ball
2-2: Ground out 5-3 (Groundball, 5S)
Ruud van Ineveld to third
Sotaro Sakata to second
Batting: RHB Arsenio Laurel 0-0: Foul Ball, location: 2F
0-1: Ball
1-1: Swinging Strike
1-2: Strikes out swinging
Batting: SHB Kunimichi Chikafuji 0-0: Ball
1-0: Ball
2-0: Foul Ball, location: 2F
2-1: Hit by Pitch
Batting: RHB Xavier Hernández 0-0: Foul Ball, location: 2F
0-1: Fly out, F7 (Line Drive, 78D)
Bottom of the 2nd over - 0 runs, 0 hits, 0 errors, 3 left on base; Northern Virginia 1 - Las Vegas 0
TOP OF THE 3RD
Northern Virginia Rainbow Mermaids batting - Pitching for Las Vegas Flamingos : RHP Art Adams
Batting: SHB Eustacio Tafalla 0-0: Ball
1-0: Ball
2-0: SINGLE (Groundball, 15) (infield hit)
Batting: LHB José Ruíz 0-0: DOUBLE (Line Drive, 89XD)
Eustacio Tafalla to third
Batting: LHB Ty Tomblin 0-0: Called Strike
0-1: Ball
1-1: Foul Ball, location: 2F
1-2: Ball
2-2: TRIPLE (Line Drive, 78XD)
Eustacio Tafalla scores
José Ruíz scores
Batting: LHB Scott Kerin 0-0: SINGLE (Groundball, 34D)
Ty Tomblin scores
Batting: LHB Kyoji Hakoda 0-0: Called Strike
0-1: Ball
1-1: Ball
2-1: SINGLE (Groundball, 5D)
Scott Kerin to second
Batting: SHB Melito Báez 0-0: Called Strike
0-1: SINGLE (Groundball, 15S) (infield hit)
Scott Kerin to third
Kyoji Hakoda to second
Batting: LHB Count Dante 0-0: Ball
1-0: SINGLE (Line Drive, 6MD)
Scott Kerin scores
Kyoji Hakoda to third
Melito Báez to second
Batting: RHB Mike Strickland 0-0: Swinging Strike
0-1: Swinging Strike
0-2: Strikes out swinging
Batting: SHB Galtero Suárez 0-0: SINGLE (Groundball, 34D)
Kyoji Hakoda scores
Melito Báez to third
Count Dante to second
Runner from 3rd tries for Home, SAFE, no throw
Batting: SHB Eustacio Tafalla 0-0: Ball
1-0: Ball
2-0: Foul Ball, location: 2F
2-1: Ball
3-1: Foul Ball, location: 2F
3-2: Fly out, F7 (Flyball, 7S)
Batting: LHB José Ruíz 0-0: Ball
1-0: Foul Ball, location: 2F
1-1: SINGLE (Flyball, 9LM)
Count Dante to third
Galtero Suárez to second
Runner from 3rd tries for Home, SAFE, no throw
Batting: LHB Ty Tomblin 0-0: Ball
1-0: Ball
2-0: Ball
3-0: Called Strike
3-1: Base on Balls
Galtero Suárez to third
José Ruíz to second
Batting: LHB Scott Kerin 0-0: Ball
1-0: Ball
2-0: GRAND SLAM HOME RUN (Flyball, 9LD), Distance : 351 ft
Pitching: RHP Marvin Martin
Batting: LHB Kyoji Hakoda 0-0: Called Strike
0-1: Called Strike
0-2: Ball
1-2: SINGLE (Line Drive, 4MD)
Batting: SHB Melito Báez 0-0: Ball
1-0: Fly out, F3 (Line Drive, 3S)
Top of the 3rd over - 11 runs, 11 hits, 0 errors, 1 left on base; Northern Virginia 12 - Las Vegas 0
BOTTOM OF THE 3RD
Las Vegas Flamingos batting - Pitching for Northern Virginia Rainbow Mermaids : RHP António Alomar
Batting: RHB Sake van Arem 0-0: Ball
1-0: Called Strike
1-1: Ball
2-1: Fly out, F7 (Flyball, 78M)
Batting: LHB Victor Adams 0-0: Ball
1-0: SINGLE (Flyball, 3D)
Batting: RHB Sergio Ortíz 0-0: Ball
1-0: Swinging Strike
1-1: Foul Ball, location: 2F
1-2: Ball
2-2: Foul Ball, location: 2F
2-2: Strikes out swinging
Batting: LHB Ruud van Ineveld 0-0: Called Strike
0-1: Ball
1-1: Ground out 4-3 (Groundball, 4S)
Bottom of the 3rd over - 0 runs, 1 hit, 0 errors, 1 left on base; Northern Virginia 12 - Las Vegas 0
TOP OF THE 4TH
Northern Virginia Rainbow Mermaids batting - Pitching for Las Vegas Flamingos : RHP Marvin Martin
Batting: LHB Count Dante 0-0: Ball
1-0: Ball
2-0: Called Strike
2-1: Ball
3-1: Foul Ball, location: 2F
3-2: Fly out, F9 (Flyball, 9)
Batting: RHB Mike Strickland 0-0: Foul Ball, location: 2F
0-1: Called Strike
0-2: Ball
1-2: Strikes out swinging
Batting: SHB Galtero Suárez 0-0: Ball
1-0: Swinging Strike
1-1: Ball
2-1: Foul Ball, location: 2F
2-2: Ball
3-2: Foul Ball, location: 2F
3-2: SINGLE (Line Drive, 6MD)
Batting: SHB Eustacio Tafalla 0-0: Ball
Wild Pitch!
Galtero Suárez to second
1-0: Ball
2-0: Fly out, F9 (Line Drive, 9)
Top of the 4th over - 0 runs, 1 hit, 0 errors, 1 left on base; Northern Virginia 12 - Las Vegas 0
BOTTOM OF THE 4TH
Las Vegas Flamingos batting - Pitching for Northern Virginia Rainbow Mermaids : RHP António Alomar
Batting: RHB Sotaro Sakata 0-0: Ball
1-0: Fly out, F4 (Popup, 34D)
Batting: RHB Daniel Maldonado 0-0: Ball
1-0: Ball
2-0: Ball
3-0: Base on Balls
Batting: RHB Arsenio Laurel 0-0: Ball
Daniel Maldonado steals 2nd base
1-0: Ball
2-0: Ground out 5-3 (Groundball, 5S)
Daniel Maldonado to third
Batting: SHB Kunimichi Chikafuji 0-0: Ball
1-0: Ground out 6-3 (Groundball, 6MD)
Bottom of the 4th over - 0 runs, 0 hits, 0 errors, 1 left on base; Northern Virginia 12 - Las Vegas 0
TOP OF THE 5TH
Northern Virginia Rainbow Mermaids batting - Pitching for Las Vegas Flamingos : RHP Marvin Martin
Batting: LHB José Ruíz 0-0: Foul Ball, location: 2F
0-1: Swinging Strike
0-2: Strikes out looking
Batting: LHB Ty Tomblin 0-0: Ball
1-0: Ground out 6-3 (Groundball, 6M)
Batting: LHB Scott Kerin 0-0: Swinging Strike
0-1: Swinging Strike
0-2: Strikes out swinging
Top of the 5th over - 0 runs, 0 hits, 0 errors, 0 left on base; Northern Virginia 12 - Las Vegas 0
BOTTOM OF THE 5TH
Las Vegas Flamingos batting - Pitching for Northern Virginia Rainbow Mermaids : RHP António Alomar
Batting: RHB Xavier Hernández 0-0: Ball
1-0: Foul Ball, location: 2F
1-1: Ball
2-1: Foul Ball, location: 2F
2-2: Ball
3-2: DOUBLE (Line Drive, 78XD)
Batting: RHB Sake van Arem 0-0: SINGLE (Groundball, P) (infield hit)
Xavier Hernández to third
Batting: LHB Victor Adams 0-0: Ball
1-0: Called Strike
1-1: Swinging Strike
1-2: Ball
2-2: Ball
3-2: Foul Ball, location: 2F
3-2: Base on Balls
Sake van Arem to second
Batting: RHB Sergio Ortíz 0-0: Ball
1-0: Ball
2-0: DOUBLE (Line Drive, 9LM)
Xavier Hernández scores
Sake van Arem scores
Victor Adams to third
Batting: LHB Ruud van Ineveld 0-0: Ball
1-0: Fly out, F9 (Flyball, 9D)
Runner from 3rd tags up, SCORES, no throw
Batting: RHB Sotaro Sakata 0-0: Called Strike
0-1: Ball
1-1: Swinging Strike
1-2: Strikes out swinging
Batting: RHB Daniel Maldonado 0-0: Called Strike
0-1: Called Strike
0-2: Ball
1-2: Ball
2-2: Strikes out swinging
Bottom of the 5th over - 3 runs, 3 hits, 0 errors, 1 left on base; Northern Virginia 12 - Las Vegas 3
TOP OF THE 6TH
Northern Virginia Rainbow Mermaids batting - Pitching for Las Vegas Flamingos : RHP Marvin Martin
Batting: LHB Kyoji Hakoda 0-0: Ball
1-0: Ground out 4-3 (Groundball, 4)
Batting: SHB Melito Báez 0-0: Called Strike
0-1: Ball
1-1: Foul Ball, location: 2F
1-2: Strikes out swinging
Batting: LHB Count Dante 0-0: Called Strike
0-1: Foul Ball, location: 2F
0-2: Ball
1-2: Fly out, F7 (Flyball, 7)
Top of the 6th over - 0 runs, 0 hits, 0 errors, 0 left on base; Northern Virginia 12 - Las Vegas 3
BOTTOM OF THE 6TH
Las Vegas Flamingos batting - Pitching for Northern Virginia Rainbow Mermaids : RHP António Alomar
Batting: RHB Arsenio Laurel 0-0: Ground out 1-3 (Groundball, P)
Batting: SHB Kunimichi Chikafuji 0-0: Ball
1-0: Foul Ball, location: 2F
1-1: Ball
2-1: Swinging Strike
2-2: SINGLE (Line Drive, 8LS)
Batting: RHB Xavier Hernández 0-0: Grounds into double play, 3-6-4 (Groundball, 34)
Bottom of the 6th over - 0 runs, 1 hit, 0 errors, 0 left on base; Northern Virginia 12 - Las Vegas 3
TOP OF THE 7TH
Northern Virginia Rainbow Mermaids batting - Pitching for Las Vegas Flamingos : RHP Marvin Martin
Batting: RHB Mike Strickland 0-0: Ball
1-0: Ball
2-0: Ball
3-0: Called Strike
3-1: Base on Balls
Batting: SHB Galtero Suárez 0-0: Ball
1-0: Ball
2-0: Ball
3-0: Called Strike
3-1: Swinging Strike
3-2: Strikes out looking
Batting: SHB Eustacio Tafalla 0-0: Called Strike
0-1: Ball
1-1: Swinging Strike
1-2: Foul Ball, location: 2F
1-2: Ball
2-2: Ground out U3 (Groundball, 34S)
Mike Strickland to second
Batting: LHB José Ruíz 0-0: Called Strike
0-1: Foul Ball, location: 2F
0-2: Strikes out swinging
Top of the 7th over - 0 runs, 0 hits, 0 errors, 1 left on base; Northern Virginia 12 - Las Vegas 3
BOTTOM OF THE 7TH
Las Vegas Flamingos batting - Pitching for Northern Virginia Rainbow Mermaids : RHP António Alomar
Batting: RHB Sake van Arem 0-0: Ball
1-0: Foul Ball, location: 2F
1-1: Ground out 6-3 (Groundball, 6M)
Batting: LHB Victor Adams 0-0: Ground out 6-3 (Groundball, 6S)
Batting: RHB Sergio Ortíz 0-0: Ball
1-0: Ground out 4-3 (Groundball, 4S)
Bottom of the 7th over - 0 runs, 0 hits, 0 errors, 0 left on base; Northern Virginia 12 - Las Vegas 3
TOP OF THE 8TH
Northern Virginia Rainbow Mermaids batting - Pitching for Las Vegas Flamingos : RHP Marvin Martin
Batting: LHB Ty Tomblin 0-0: Ball
1-0: SINGLE (Groundball, 4MD)
Batting: LHB Scott Kerin 0-0: SINGLE (Groundball, 6D)
Ty Tomblin to second
Batting: LHB Kyoji Hakoda 0-0: Swinging Strike
0-1: Ball
1-1: Foul Ball, location: 2F
1-2: Strikes out looking
Batting: SHB Melito Báez 0-0: Called Strike
0-1: Swinging Strike
0-2: Fly out, F9 (Flyball, 9)
Batting: LHB Count Dante 0-0: Ball
Ty Tomblin steals 3rd base
1-0: SINGLE (Groundball, 4MD)
Ty Tomblin scores
Scott Kerin to second
Batting: RHB Mike Strickland 0-0: Fly out, F7 (Flyball, 78D)
Top of the 8th over - 1 run, 3 hits, 0 errors, 2 left on base; Northern Virginia 13 - Las Vegas 3
BOTTOM OF THE 8TH
Las Vegas Flamingos batting - Pitching for Northern Virginia Rainbow Mermaids : RHP António Alomar
Batting: LHB Ruud van Ineveld 0-0: Ball
1-0: Fly out, F7 (Flyball, 7)
Batting: RHB Sotaro Sakata 0-0: Foul Ball, location: 2F
0-1: Called Strike
0-2: Fly out, F4 (Line Drive, 34)
Batting: RHB Daniel Maldonado 0-0: Ball
1-0: Called Strike
1-1: Called Strike
1-2: Ball
2-2: Fly out, F8 (Flyball, 8LS)
Bottom of the 8th over - 0 runs, 0 hits, 0 errors, 0 left on base; Northern Virginia 13 - Las Vegas 3
TOP OF THE 9TH
Northern Virginia Rainbow Mermaids batting - Pitching for Las Vegas Flamingos : RHP Marvin Martin
Batting: SHB Galtero Suárez 0-0: Ball
1-0: Called Strike
1-1: Ball
2-1: Called Strike
2-2: Strikes out swinging
Batting: SHB Eustacio Tafalla 0-0: Called Strike
0-1: Ground out 4-3 (Groundball, 4)
Batting: LHB José Ruíz 0-0: Ball
1-0: Foul Ball, location: 2F
1-1: DOUBLE (Line Drive, 78XD)
Batting: LHB Ty Tomblin 0-0: Swinging Strike
0-1: Called Strike
José Ruíz is caught stealing 3rd base
Top of the 9th over - 0 runs, 1 hit, 0 errors, 0 left on base; Northern Virginia 13 - Las Vegas 3
BOTTOM OF THE 9TH
Las Vegas Flamingos batting - Pitching for Northern Virginia Rainbow Mermaids : RHP António Alomar
Batting: RHB Arsenio Laurel 0-0: Foul Ball, location: 2F
0-1: Swinging Strike
0-2: Ground out 5-3 (Groundball, 56S)
Batting: SHB Kunimichi Chikafuji 0-0: Ball
1-0: Called Strike
1-1: Foul Ball, location: 2F
1-2: Ball
2-2: Ground out 6-3 (Groundball, 6)
Batting: RHB Xavier Hernández 0-0: Ball
1-0: SINGLE (Line Drive, 7LS)
Pitching: RHP Guldemunde Geilinger
Batting: RHB Sake van Arem 0-0: Ball
1-0: Ball
2-0: Ball
3-0: SINGLE (Line Drive, 6MD)
Xavier Hernández to second
Batting: LHB Victor Adams 0-0: Ball
Wild Pitch!
Xavier Hernández to third
Sake van Arem to second
1-0: Ball
2-0: Foul Ball, location: 2F
2-1: Foul Ball, location: 2F
2-2: Foul Ball, location: 2F
2-2: Ground out 6-3 (Groundball, 6)
Bottom of the 9th over - 0 runs, 2 hits, 0 errors, 2 left on base; Northern Virginia 13 - Las Vegas 3
Tuesday, June 12th, 2018 - OOTP Baseball 18.8 Build 76